 Dungeon Crawl Stone Soup version 0.18.1-50-g88ac8fd (webtiles) character file.

16 ololoev the Digger (level 2, 1/15 HPs)
             Began as a Deep Elf Earth Elementalist on Dec 5, 2016.
             Quit the game on level 3 of the Dungeon.
             The game lasted 00:01:13 (149 turns).

ololoev the Digger (Deep Elf Earth Elementalist)     Turns: 149, Time: 00:01:14

Health: 1/15       AC:  2    Str:  5    XL:     2   Next: 37%
Magic:  0/8        EV: 12    Int: 19    God:
Gold:   26         SH:  0    Dex: 15    Spells: 1 memorised, 7 levels left

rFire  . . .     SeeInvis .     b - 5 stones
rCold  . . .     Gourm    .     a - +0 robe
rNeg   . . .     Faith    .     (no shield)
rPois  .         Spirit   .     (no helmet)
rElec  .         Dismiss  .     (no cloak)
rCorr  .         Reflect  .     (no gloves)
SustAt .         Harm     .     (no boots)
MR     .....                    (no amulet)
Stlth  ++........               (no ring)
                                (no ring)

@: very slightly contaminated, drained, not resistant to hostile enchantments,
unstealthy
A: no striking features
a: no special abilities

Inventory:

Missiles
 b - 5 stones (in hand)
Armour
 a - a +0 robe (worn)
Potions
 e - a potion of agility {unknown}
Books
 c - a book of Geomancy

   Spells                             Type                      Level
   a - Sandblast                      Earth                        1
   b - Passwall                       Transmutation/Earth          2
   c - Stone Arrow                    Conjuration/Earth            3
   d - Petrify                        Transmutation/Earth          4
   e - Lee's Rapid Deconstruction     Earth                        5
Comestibles
 d - a bread ration
 f - a meat ration


   Skills:
 - Level 2.4(1.6) Dodging
 - Level 2.4(1.6) Stealth
 * Level 3.6(2.8) Spellcasting
   Level 1.1(0.3) Transmutations
 + Level 3.8(3.0) Earth Magic


You had 7 spell levels left.
You knew the following spells:

 Your Spells              Type           Power        Failure   Level  Hunger
a - Sandblast             Erth           ##....       6%          1    None


You were on level 3 of the Dungeon.
You were not hungry.

You visited 1 branch of the dungeon, and saw 3 of its levels.

You collected 26 gold pieces.

.........#.........
...................
........<......#...
..#............+ ..
...............# .
.................
........g.........
####..g##.......#
#..@# .....## #...#
#+#### #...# #...#
#...# #...# .....
+(....

Notes
Turn   | Place    | Note
--------------------------------------------------------------
     0 | D:1      | ololoev the Deep Elf Earth Elementalist began the quest for the Orb.
     0 | D:1      | Reached XP level 1. HP: 10/10 MP: 6/6
   134 | D:3      | Reached XP level 2. HP: 11/15 MP: 1/8
   149 | D:3      | Quit the game

Dungeon Overview and Level Annotations

Branches:
Dungeon (3/15)

Altars:


Message History

There is a stone staircase leading down here.
Casting: Sandblast
Confirm with . or Enter, or press ? or * to list all spells.
Aiming: Sandblast
Press: ? - help, Shift-Dir - straight line, f - bat
Aim: a bat (resting)
The rocky blast hits the bat.
You kill the bat!
You climb downwards.
There is a stone staircase leading up here.
Found a meat ration.
Found a stone staircase leading down.
f - a meat ration
There is a stone staircase leading down here.
You climb downwards.
Found a ring mail.
There is a stone staircase leading up here.
A gnoll comes into view. It is wielding a spear.
The gnoll shouts!
Found a meat ration.
You see here a ring mail.
A gnoll comes into view. It is wielding a spear.
The gnoll shouts!
A gnoll comes into view.
The gnoll shouts!
Found 2 tomahawks.
Casting: Sandblast
Confirm with . or Enter, or press ? or * to list all spells.
Aiming: Sandblast
Press: ? - help, Shift-Dir - straight line, f - gnoll
Aim: a gnoll, wielding a spear The rocky blast hits the gnoll.
The gnoll is heavily wounded.
Casting: Sandblast
Confirm with . or Enter, or press ? or * to list all spells.
Aiming: Sandblast
Press: ? - help, Shift-Dir - straight line, f/p - gnoll
Aim: a gnoll, wielding a spear (heavily wounded)
The rocky blast misses the gnoll.
The gnoll hits you from afar with a spear.
Casting: Sandblast
Confirm with . or Enter, or press ? or * to list all spells.
Aiming: Sandblast
Press: ? - help, Shift-Dir - straight line, f/p - gnoll
Aim: a gnoll, wielding a spear (heavily wounded)
The rocky blast hits the gnoll.
You kill the gnoll!
You have reached level 2!
Casting: Sandblast
Confirm with . or Enter, or press ? or * to list all spells.
You can't see any susceptible monsters within range! (Use Z to cast anyway.)
There is a stone staircase leading up here.
Casting: Sandblast
Confirm with . or Enter, or press ? or * to list all spells.
You can't see any susceptible monsters within range! (Use Z to cast anyway.)
Casting: Sandblast
Confirm with . or Enter, or press ? or * to list all spells.
Aiming: Sandblast
Press: ? - help, Shift-Dir - straight line, f - gnoll
Aim: a gnoll The rocky blast misses the gnoll.
Casting: Sandblast
Confirm with . or Enter, or press ? or * to list all spells.
Aiming: Sandblast
Press: ? - help, Shift-Dir - straight line, f/p - gnoll
Aim: a gnoll The rocky blast hits the gnoll.
The gnoll is severely wounded.
Found 18 sling bullets.
Casting: Sandblast
Confirm with . or Enter, or press ? or * to list all spells.
Aiming: Sandblast
Press: ? - help, Shift-Dir - straight line, f/p - gnoll
Aim: a gnoll (severely wounded)
You miscast Sandblast.
You are very lightly contaminated with residual magic.
You feel earthy.
The gnoll hits you from afar with a spear.
The gnoll hits you.
Are you sure you want to abandon this character and quit the game? (Confirm with "yes".)

You could see 2 gnolls.

Vanquished Creatures
  A gnoll (D:3)
  A hobgoblin (D:2)
  A quokka (D:2)
  A ball python (D:2)
  A bat (D:1)
  2 goblins (D:2)
7 creatures vanquished.

Action                   || total
-------------------------++-------
 Cast: Sandblast         ||    15
Armor: Robe              ||     1
Dodge: Dodged            ||     2

Vault maps used:
D:1:      shiori_arrival_maze
D:2:      grunt_decor_clamped
D:3:      kennysheep_big_flooded_room
